 Dungeon Sprint DCSS version 0.30-a0-305-g026cb31310 (webtiles) character file.

Game seed: 1138497720538901300

19730 rocky1 the Blinker (level 12, -15/115 HPs)
             Began as a White Draconian Warper on Oct 23, 2022.
             Was the Champion of Cheibriados.
             Demolished by an orc warlord
             ... wielding a +3 great mace of distortion
              (56 damage)
             ... in the Dungeon (Sprint VII: "The Pits").
             The game lasted 00:11:26 (2978 turns).

rocky1 the Blinker (White Draconian Warper)         Turns: 2978, Time: 00:11:28

Health: -15/115    AC: 10    Str: 29    XL:     12   Next: 39%
Magic:  5/29       EV: 22    Int: 33    God:    Cheibriados [******]
Gold:   109        SH:  0    Dex: 26    Spells: 23/38 levels left

rFire   + . .      SeeInvis .    t - +9 halberd (vamp)
rCold   + + .      Faith    .    (shield currently unavailable)
rNeg    . . .      Spirit   .    (body armour unavailable)
rPois   .          Reflect  .    (helmet restricted)
rElec   .          Harm     .    s - +0 cloak
rCorr   .          Rampage  .    r - +0 pair of gloves
Will    .....      NoTele   +    (no boots)
Stlth   ++........               (no amulet)
HPRegen 0.39/turn                x - ring of protection from cold
MPRegen 0.21/turn                y - ring of protection from fire

@: very slow
A: breathe frost, AC +8, unfitting armour, cold resistance 1, cold-blooded
a: Breathe Frost, Renounce Religion, Bend Time, Temporal Distortion, Slouch,
Step From Time


You were in the Dungeon.
You worshipped Cheibriados.
Cheibriados was exalted by your worship.
You visited 1 branch You collected 109 gold pieces.

Inventory:

Hand Weapons
 n - a +4 vorpal trident
 t - a +9 vampiric halberd (weapon)
Missiles
 c - 7 boomerangs of dispersal (quivered)
 z - 10 boomerangs
Armour
 r - a +0 pair of gloves (worn)
 s - a +0 cloak (worn)
Jewellery
 f - a +3 ring of dexterity
 j - a +3 ring of evasion
 x - a ring of protection from cold (left hand)
 y - a ring of protection from fire (right hand)
Wands
 a - a wand of roots (3)
 i - a wand of charming (14)
Scrolls
 b - 2 scrolls of blinking
 l - 5 scrolls of amnesia
 m - 3 scrolls of enchant armour
 v - 3 scrolls of identify
 w - 2 scrolls of butterflies
Potions
 d - 9 potions of curing
 e - 13 potions of heal wounds
 g - 3 potions of magic
 h - 4 potions of berserk rage
 k - a potion of invisibility
 o - 2 potions of brilliance
 p - 2 potions of mutation
 q - 2 potions of might
 u - a potion of resistance


   Skills:
 + Level 13.1 Fighting
 + Level 14.8 Polearms
 - Level 0.8 Throwing
 + Level 11.1 Dodging
 + Level 13.6 Spellcasting
 - Level 15.0 Translocations
 + Level 8.5 Air Magic
 + Level 11.0 Invocations


You had 23 spell levels left.
You knew the following spells:

 Your Spells              Type           Power      Damage    Failure   Level
a - Blink                 Tloc           100%       N/A       0%          2
b - Manifold Assault      Tloc           88%        N/A       1%          4
c - Vhi's Electric Charg  Tloc/Air       100%       N/A       1%          3
d - Lesser Beckoning      Tloc           100%       N/A       0%          3
e - Teleport Other        Tloc           88%        N/A       0%          3

Your spell library contained the following spells:

 Spells                   Type           Power      Damage    Failure   Level


Dungeon Overview and Level Annotations

Branches:
Dungeon (1/1)

Altars:
Ashenzari
Cheibriados
Dithmenos
Elyvilon
Fedhas
Gozag
Hepliaklqana
Kikubaaqudgha
Makhleb
Nemelex Xobeh
Okawaru
Qazlal
Ru
Sif Muna
Trog
Uskayaw
Vehumet
Wu Jian
Xom
Yredelemnul
Zin
The Shining One
Jiyva
Lugonu


Innate Abilities, Weirdness & Mutations

You can breathe waves of freezing cold which knock back foes.
Your icy white scales are hard. (AC +8)
You cannot fit into any form of body armour.
Your flesh is cold resistant. (rC+)
You are cold-blooded and may be slowed by cold attacks.


Message History

Casting: Manifold Assault (safe; 1% risk of failure)
Confirm with . or Enter, or press ? or * to list all spells.
Space momentarily warps into an impossible shape!
You closely miss the orc knight. You completely miss the orc warlord.
You impale the orc knight!! You slash the orc knight!
Unknown command.
Casting: Manifold Assault (safe; 1% risk of failure)
Confirm with . or Enter, or press ? or * to list all spells.
You blink.
A naga warrior comes into view. It is wielding a +0 dire flail.
The naga warrior shouts!
The deep elf knight gestures wildly while chanting.
The deep elf knight seems to speed up.
The wizard misses you.
You hear a shout!
Casting: Blink (safe; 0% risk of failure)
Confirm with . or Enter, or press ? or * to list all spells.
Charge where?
Press: ? - help, Dir - move target, f - deep elf knight
Aim: a deep elf knight, wielding a +0 long sword and wearing a +0 ring mail (fast)
You charge forward with an electric crackle!
A white ugly thing, a naga warrior and 2 orc knights come into view.
An orc knight is wielding a +1 long sword of draining.
The naga warrior is wielding a +0 trident and wearing a +2 kite shield of cold resistance.
You closely miss the deep elf knight.
The naga warrior shouts!
The orc knight shouts!
You hear a shout!
The deep elf knight completely misses you.
The orc knight completely misses you. The orc warlord closely misses you.
The orc knight hits you with a +0 battleaxe!!
A deep elf knight comes into view. It is wielding a +0 long sword.
The deep elf knight gestures at you while chanting.
The lance of force hits you!!
You are knocked back by the lance of force.
You collide with the orc warlord!
The orc warlord is moderately wounded.
The orc knight hits you with a +0 long sword!
The orc knight hits you with a +2 battleaxe.
The orc knight closely misses you.
The naga warrior roars a battlecry!
The naga warrior goes into a battle-frenzy!
The orc warlord hits you with a +3 great mace of distortion!!!
You die...

#++##############################
#................................
#................................
#..##############§)##############
#..# #...o..# # #..# # #......# #
#..# #.. #..o.☼.# # #†.#
#...o###op###.e # #..#
.....Ne@ooo.N.. # #))#
#....uoooo..... # #..#
#..####.o..#### # ...# # #....# #
...# ##..## # #### #### #
############### .##....##.....#
##......##....#


You could see 2 orc warlords, 2 naga warriors, 10 orc knights, a white ugly
thing, 2 deep elf knights and a wizard.

Vanquished Creatures
  A merfolk javelineer (D)
  Erolcha (D)
  A rakshasa (D)
  An anaconda (D)
  4 death yaks (D)
  A fire crab (D)
  A shadow wraith (D)
  A sea snake (D)
  A spriggan druid (D)
  An orc knight (D)
  2 phantasmal warriors (D)
  A lindwurm (D)
  An orc sorcerer (D)
  Maurice (D)
  A guardian serpent (D)
  A freezing wraith (D)
  A red devil (D)
  4 merfolk (D)
  A polar bear (D)
  A guardian mummy (D)
  Prince Ribbit (D)
  A hornet (D)
  12 blink frogs (D)
  A wind drake (shapeshifter) (D)
  A snapping turtle (D)
  7 dream sheep (D)
  2 water elementals (D)
  A jumping spider (D)
  2 shadows (D)
  A wraith (D)
  A spriggan (D)
  A wyvern (D)
  A chaos spawn (D)
  4 redbacks (D)
  4 vampire mosquitoes (D)
  2 wargs (D)
  An acid dragon (D)
  A water moccasin (D)
  2 ice beasts (D)
  An orc warrior (D)
  A black bear (D)
  5 wolves (D)
  A phantom (D)
  A gnoll sergeant (D)
  A necrophage (D)
  A scorpion (D)
  A crimson imp (D)
  A jelly (D)
  A hell rat (D)
  Ijyb (D)
  Terence (D)
  5 gnolls (D)
  A white imp (D)
  An adder skeleton (D)
  3 endoplasms (D)
  A giant cockroach (D)
  A hobgoblin (D)
  3 jackals (D)
  A quokka (D)
  2 ball pythons (D)
  A frilled lizard (D)
  A goblin (D)
  A jackal zombie (D)
110 creatures vanquished.

Vanquished Creatures (others)
  An orc (D)
1 creature vanquished.

Grand Total: 111 creatures vanquished

Notes
Turn   | Place    | Note
-------+----------+-------------------------------------------
     0 | D        | rocky1 the Draconian Warper began the quest for the Orb.
     0 | D        | Reached XP level 1. HP: 17/17 MP: 3/3
    19 | D        | Found a bloodstained altar of Trog.
    19 | D        | Found a shimmering blue altar of Sif Muna.
    19 | D        | Found a viscous altar of Jiyva.
    19 | D        | Found a hazy altar of Hepliaklqana.
    19 | D        | Found an opulent altar of Gozag.
    46 | D        | Found a glowing golden altar of the Shining One.
    46 | D        | Found a glowing silver altar of Zin.
    46 | D        | Found a basalt altar of Yredelemnul.
    46 | D        | Found a shimmering altar of Xom.
    46 | D        | Found an ornate altar of the Wu Jian Council.
    46 | D        | Found a sacrificial altar of Ru.
    46 | D        | Found a stormy altar of Qazlal.
    46 | D        | Found an iron altar of Okawaru.
    46 | D        | Found a sparkling altar of Nemelex Xobeh.
    46 | D        | Found a burning altar of Makhleb.
    46 | D        | Found a blossoming altar of Fedhas.
    46 | D        | Found a white marble altar of Elyvilon.
    46 | D        | Found a shadowy altar of Dithmenos.
    46 | D        | Found a snail-covered altar of Cheibriados.
    49 | D        | Found a corrupted altar of Lugonu.
    49 | D        | Found a radiant altar of Vehumet.
    50 | D        | Found an ancient bone altar of Kikubaaqudgha.
    50 | D        | Found a hide-covered altar of Uskayaw.
    50 | D        | Found a broken altar of Ashenzari.
    57 | D        | Became a worshipper of Cheibriados the Contemplative
    77 | D        | Reached * piety under Cheibriados
    91 | D        | Reached ** piety under Cheibriados
    99 | D        | Reached XP level 2. HP: 23/24 MP: 5/5
   101 | D        | Noticed a scorpion
   102 | D        | Noticed a phantom
   104 | D        | Reached *** piety under Cheibriados
   120 | D        | Killed a phantom
   121 | D        | Reached skill level 5 in Polearms
   121 | D        | Reached skill level 5 in Translocations
   121 | D        | Reached XP level 3. HP: 25/29 MP: 6/9
   121 | D        | Reached XP level 4. HP: 31/36 MP: 6/10
   126 | D        | Killed a scorpion
   127 | D        | Reached skill level 5 in Spellcasting
   127 | D        | Reached skill level 6 in Translocations
   127 | D        | Reached **** piety under Cheibriados
   128 | D        | Reached XP level 5. HP: 21/41 MP: 7/13
   376 | D        | Learned a level 2 spell: Blink
   381 | D        | Learned a level 4 spell: Manifold Assault
   385 | D        | Learned a level 3 spell: Vhi's Electric Charge
   388 | D        | Noticed Prince Ribbit
   388 | D        | Noticed an ice beast
   389 | D        | Noticed a water moccasin
   401 | D        | Killed an ice beast
   401 | D        | Reached ***** piety under Cheibriados
   402 | D        | Reached skill level 7 in Translocations
   405 | D        | Reached skill level 8 in Translocations
   405 | D        | Reached XP level 6. HP: 33/48 MP: 2/16
   412 | D        | Killed a water moccasin
   415 | D        | HP: 1/48 [Prince Ribbit (12)]
   421 | D        | Killed Prince Ribbit
   422 | D        | Reached skill level 9 in Translocations
   422 | D        | Your scales start taking on an icy white colour.
   422 | D        | Reached XP level 7. HP: 33/55 MP: 1/19
   422 | D        | Gained mutation: Your flesh is cold resistant. (rC+) [White
                  | Draconian growth]
   649 | D        | Reached ****** piety under Cheibriados
   666 | D        | Learned a level 3 spell: Lesser Beckoning
   670 | D        | Learned a level 3 spell: Teleport Other
   687 | D        | Reached skill level 10 in Translocations
   694 | D        | Reached skill level 10 in Polearms
   694 | D        | Reached XP level 8. HP: 66/66 MP: 21/21
   798 | D        | Noticed Erolcha
   798 | D        | Noticed a lindwurm
   807 | D        | Killed Erolcha
   807 | D        | Killed a lindwurm
   808 | D        | Reached skill level 10 in Spellcasting
   808 | D        | Reached skill level 11 in Translocations
   808 | D        | Reached XP level 9. HP: 62/79 MP: 7/23
   955 | D        | Noticed an orc knight
   955 | D        | Noticed an orc sorcerer
   959 | D        | Reached skill level 1 in Invocations
   963 | D        | Noticed a sixfirhy
   965 | D        | Killed an orc sorcerer
   975 | D        | Killed an orc knight
  1147 | D        | Noticed an anaconda
  1151 | D        | Killed an anaconda
  1152 | D        | Reached skill level 12 in Translocations
  1152 | D        | Reached skill level 5 in Invocations
  1152 | D        | Reached XP level 10. HP: 81/91 MP: 13/25
  1207 | D        | Reached skill level 1 in Air Magic
  1373 | D        | Noticed Ijyb
  1375 | D        | Killed Ijyb
  1400 | D        | Reached skill level 10 in Fighting
  1400 | D        | Reached skill level 13 in Translocations
  1406 | D        | Noticed Terence
  1413 | D        | Killed Terence
  1426 | D        | Noticed a guardian serpent
  1443 | D        | Noticed a death yak
  1461 | D        | Killed a death yak
  1462 | D        | Reached XP level 11. HP: 24/101 MP: 20/27
  1694 | D        | Noticed Maurice
  1702 | D        | Killed Maurice
  1703 | D        | Reached skill level 5 in Air Magic
  1909 | D        | Noticed a sea snake
  1915 | D        | Killed a sea snake
  1916 | D        | Reached skill level 14 in Translocations
  1939 | D        | Reached skill level 10 in Dodging
  2296 | D        | Noticed a merfolk javelineer
  2305 | D        | Killed a merfolk javelineer
  2417 | D        | Noticed a phantasmal warrior
  2423 | D        | Killed a phantasmal warrior
  2424 | D        | Reached skill level 10 in Invocations
  2471 | D        | Noticed a death yak
  2472 | D        | Noticed a death yak
  2473 | D        | Noticed a death yak
  2480 | D        | Killed a death yak
  2481 | D        | Reached XP level 12. HP: 88/113 MP: 29/29
  2489 | D        | Killed a death yak
  2489 | D        | Killed a death yak
  2755 | D        | Noticed a rakshasa
  2760 | D        | Killed a rakshasa
  2768 | D        | Reached skill level 15 in Translocations
  2972 | D        | Noticed an orc warlord
  2972 | D        | Noticed an orc warlord
  2977 | D        | Noticed a naga warrior
  2978 | D        | Noticed a naga warrior
  2978 | D        | Demolished by an orc warlord

Illustrated notes

Levels and vault maps discovered:
D:        pitsprint [storerooms_1, entrance_room_1, metal_vault_6, armoury_1,
          mini_pit_1, grid_room_1, main_hall_1, silver_pit, the_coven_1,
          the_vestibule_1, steel_vault_1, golden_pit, hallway_of_sentries,
          crystal_vault_4, iron_vault_4, final_vault]

Skill      XL: |  1  2  3  4  5  6  7  8  9 10 11 12 |
---------------+-------------------------------------+-----
Polearms       | 3 5 6 7 9 10 11 12 13 14 | 14.8
Spellcasting   | 4 5 7 8 9 10 11 12 13 | 13.6
Translocations | 5 6 8 9 10 11 12 13 14 15 | 15.0
Fighting       | 4 7 9 10 12 13 | 13.1
Dodging        | 3 6 7 8 10 11 | 11.1
Invocations    | 5 7 10 11 | 11.0
Air Magic      | 4 7 8 |  8.5
Throwing       | |  0.8

Action                   |  1- 3 |  4- 6 |  7- 9 | 10-12 || total
-------------------------+-------+-------+-------+-------++-------
Melee: Trident           |    32 |    43 |    25 |       ||   100
       Tailslap          |     5 |     2 |     6 |    24 ||    37
       Spear             |     2 |       |       |       ||     2
       Punch             |     1 |       |     1 |       ||     2
       Halberd           |       |       |    26 |   196 ||   222
 Cast: Manifold Assault  |       |     7 |     5 |    17 ||    29
       Blink             |       |       |       |     2 ||     2
       Vhi's Electric Ch |       |       |       |     1 ||     1
Invok: Slouch            |       |       |     5 |    13 ||    18
 Abil: Breathe Frost     |       |       |       |     2 ||     2
  Use: Potion            |     1 |     3 |     3 |     1 ||     8
       Scroll            |       |     1 |       |     7 ||     8
 Stab: Sleeping          |     4 |       |     1 |     1 ||     6
       Invisible         |     3 |     2 |       |       ||     5
Armor: Skin              |     4 |     5 |    10 |    12 ||    31
Dodge: Dodged            |    32 |    21 |    22 |   134 ||   209

Table legend: (Time is in decaauts)
 A = Elapsed time spent in this place.
 B = Non-inter-level travel time spent in this place.
 C = Inter-level travel time spent in this place.
 D = Time resting spent in this place.
 E = Time spent auto-exploring this place.
 F = Levels seen in this place.
 G = Mean time per level.
                   A        B        C        D        E       F      G
               +--------+--------+--------+--------+--------+-----+--------+
         Total |   3416 |   3292 |    124 |   1994 |      0 |   1 | 3416.0 |
       Dungeon |   3416 |   3292 |    124 |   1994 |      0 |   1 | 3416.0 |
               +--------+--------+--------+--------+--------+-----+--------+

Top non-repeatable levels by time:
       D: 3416 daAuts
